 Dungeon Crawl Stone Soup version 0.29-a0-270-g1586fc07ea (webtiles) character file.

Game seed: 323717839910964382

12145 testman the Artisan of Death (level 11, 0/108 HPs)
             Began as a Deep Dwarf Necromancer on Mar 7, 2022.
             Was a Priest of Kikubaaqudgha.
             Slain by a vampire mosquito (1 damage)
             ... on level 2 of the Lair of Beasts.
             The game lasted 01:41:00 (18158 turns).

testman the Artisan of Death (DDNe)                Turns: 18158, Time: 01:41:01

Health: 0/108      AC:  7    Str: 12    XL:     11   Next: 58%
Magic:  19/19      EV: 12    Int: 20    God:    Kikubaaqudgha [***...]
Gold:   875        SH:  5    Dex: 13    Spells: 6/21 levels left

rFire   + . .      SeeInvis .   y - +5 spear (vorpal)
rCold   + . .      Faith    .   R - +0 buckler
rNeg    + . .      Spirit   .   N - +2 robe {rC+ rF+}
rPois   +          Reflect  .   x - +0 helmet
rElec   .          Harm     .   F - +1 cloak {rPois}
rCorr   .          Rampage  .   (no gloves)
Will    +....                   (no boots)
Stlth   ++........              M - amulet of the acrobat
HPRegen 0.00/turn               K - ring of positive energy
MPRegen 0.16/turn               Q - ring of flight

@: flying
A: damage resistance, heal wounds, sense surroundings 2, no regeneration
a: Heal Wounds, Renounce Religion, Receive Corpses


You were on level 2 of the Lair of Beasts.
You worshipped Kikubaaqudgha.
Kikubaaqudgha was most pleased with you.
You visited 3 branches of the dungeon, and saw 14 of its levels.

You collected 875 gold pieces.

Inventory:

Hand Weapons
 f - a +1 fustibalus
 y - a +5 vorpal spear (weapon)
 z - a +0 dagger of pain
Missiles
 h - a curare-tipped dart
 n - 431 stones
 A - 6 javelins
 C - 16 boomerangs
 G - 21 poisoned darts
Armour
 x - a +0 helmet (worn)
 F - a +1 cloak of poison resistance (worn)
 J - +0 steam dragon scales
 N - a +2 robe of resistance (worn)
 R - a +0 buckler (worn)
Jewellery
 a - a ring of wizardry
 i - a ring of ice
 K - a ring of positive energy (left hand)
 M - an amulet of the acrobat (around neck)
 Q - a ring of flight (right hand)
 T - the ring "Cycipif" {Fly rPois EV+4 Str+8 Int-3 Slay-6}
   (You found it on level 10 of the Dungeon)

   [ring of evasion]

   EV:        It affects your evasion (+4).
   Str:       It affects your strength (+8).
   Int:       It affects your intelligence (-3).
   Slay:      It affects your accuracy & damage with ranged weapons and melee
   (-6).
   rPois:     It protects you from poison.
   Fly:       It grants you flight.
Wands
 v - a wand of flame (42)
 L - a wand of paralysis (21)
 P - a wand of digging (1)
Scrolls
 e - a scroll of noise
 j - 2 scrolls of amnesia
 l - 2 scrolls of fog
 s - a scroll of acquirement {unknown}
 t - a scroll of torment
 w - 8 scrolls of teleportation
 B - a scroll of fear {unknown}
 H - 2 scrolls of brand weapon {unknown}
Potions
 b - 2 potions of magic
 c - a potion of ambrosia {unknown}
 d - 2 potions of mutation
 g - 5 potions of berserk rage
 k - 4 potions of resistance
 o - 2 potions of brilliance
 p - a potion of flight {unknown}
 q - 4 potions of haste
 u - 3 potions of might
 D - 3 potions of curing
 E - 2 potions of degeneration {unknown}
 I - 5 potions of attraction
 O - a potion of invisibility
Miscellaneous
 S - a phial of floods


   Skills:
 - Level 10.0 Fighting
 - Level 7.5 Slings
 - Level 2.1 Dodging
 - Level 2.4 Stealth
 - Level 4.0 Shields
 + Level 5.5 Spellcasting
 - Level 13.1 Necromancy


You had 6 spell levels left.
You knew the following spells:

 Your Spells              Type           Power      Damage    Failure   Level
a - Pain                  Necr           100%       1d9       1%          1
b - Agony                 Necr           55%        N/A       1%          5
c - Vampiric Draining     Necr           55%        2d9       1%          3
d - Animate Dead          Necr           27%        N/A       1%          4
e - Corpse Rot            Necr/Air       62%        N/A       1%          2

Your spell library contained the following spells:

 Spells                   Type           Power      Damage    Failure   Level
 Animate Skeleton         Necr           100%       N/A       1%          1
 Sublimation of Blood     Necr           55%        N/A       1%          2
 Dispel Undead            Necr           55%        3d20      1%          4
 Excruciating Wounds      Necr           27%        N/A       1%          5
 Anguish                  Hex/Necr       15%        N/A       10%         4
 Death Channel            Necr           27%        N/A       10%         6
 Magic Dart               Conj           20%        1d4       14%         1
 Poisonous Vapours        Pois/Air       10%        N/A       22%         2
 Searing Ray              Conj           10%        2d4       22%         2
 Static Discharge         Conj/Air       5%         N/A       22%         2
 Call Canine Familiar     Summ           5%         N/A       38%         3
 Inner Flame              Hex/Fire       5%         N/A       38%         3
 Ozocubu's Armour         Ice            5%         N/A       38%         3
 Portal Projectile        Hex/Tloc       10%        N/A       38%         3
 Cause Fear               Hex            2%         N/A       80%         4
 Fulminant Prism          Conj/Hex       2%         3d6       80%         4
 Hailstorm                Conj/Ice       5%         3d4       80%         4
 Ice Form                 Ice/Tmut       5%         N/A       80%         4
 Leda's Liquefaction      Hex/Erth       2%         N/A       80%         4
 Simulacrum               Ice/Necr       15%        N/A       82%         6
 Lightning Bolt           Conj/Air       2%         1d14      98%         5
 Ozocubu's Refrigeration  Ice            2%         4d5       100%        7
 Discord                  Hex            2%         N/A       100%        8
 Maxwell's Capacitive Co  Air            2%         ∞         100%        8


Dungeon Overview and Level Annotations

Branches:
Dungeon (11/15)            Temple (1/1) D:6            Lair (2/6) D:8
  Swamp (0/4) Lair:2
  Snake: Lair:2-4    Spider: Lair:2-4       Orc: D:9-12

Altars:
Ashenzari
Cheibriados
Dithmenos
Elyvilon
Fedhas
Gozag
Hepliaklqana
Kikubaaqudgha
Makhleb
Nemelex Xobeh
Okawaru
Qazlal
Ru
Sif Muna
Trog
Uskayaw
Vehumet
Wu Jian
Xom
Yredelemnul
Zin
The Shining One

Shops:
D:10 :

Annotations:
D:3 Sigmund
D:4 2 transporters, sirJeffrey23's ghost, amateur DsMo
D:10 exclusion: oklob plant


Innate Abilities, Weirdness & Mutations

You are resistant to damage.
You can heal yourself by infusing magical energy.
You passively map the area around you.
You do not regenerate.


Message History

The vampire mosquito misses you. The vampire mosquito bites you!
* * * LOW HITPOINT WARNING * * *
The vampire mosquito draws strength from your injuries!
You block the vampire mosquito's attack.
The vampire mosquito bites you.
The vampire mosquito draws strength from your injuries!
The vampire mosquito bites you!
* * * LOW HITPOINT WARNING * * *
Okay, then.
Okay, then.
You feel much better.
The vampire mosquito barely misses you. x2
The vampire mosquito misses you.
The vampire mosquito bites you but does no damage.
The vampire mosquito bites you.
* * * LOW HITPOINT WARNING * * *
The vampire mosquito draws strength from your injuries!
The vampire mosquito bites you but does no damage.
As you read the scroll labelled VUOBOI KUTSUIRCH, it crumbles to dust.
Your body is wracked with pain!
* * * LOW HITPOINT WARNING * * *
The cane toad convulses!
It was a scroll of torment.
The vampire mosquito closely misses you.
The vampire mosquito bites you but does no damage.
The vampire mosquito bites you!
* * * LOW HITPOINT WARNING * * *
The vampire mosquito draws strength from your injuries!
The vampire mosquito bites you.
* * * LOW HITPOINT WARNING * * *
The vampire mosquito draws strength from your injuries!
The vampire mosquito bites you but does no damage.
The vampire mosquito bites you!
* * * LOW HITPOINT WARNING * * *
The vampire mosquito draws strength from your injuries!
As you read the scroll labelled MIUMED TECYMUPS, it crumbles to dust.
It is a scroll of enchant weapon.
Your +0 fustibalus glows red for a moment.
The vampire mosquito bites you but does no damage.
The vampire mosquito misses you. The vampire mosquito bites you.
You die...
Kikubaaqudgha rasps: "You have failed me!
Welcome... death!"

* ##,* ###.#* *##
,.....#####.# ### ### ,
♣...#...#####§###.#########*
**♣).....§y§§§..>..........
*** ≈ ♣..F.§Fy@§§....<........
≈≈§§§≈≈♣....§y§§§.............
* ≈§§§§§
♣....§§§§§............. ≈ §§§§
♣..#P####.............. ≈≈§§§
♣..### ##...##.#####.# , ≈§
♣♣.P#######...##.# * ≈§≈
♣♣....##.......####
♣≈♣♣....###.P#..[..# * *
*♣♣......# #........### ,


You could see a cane toad and 3 vampire mosquitoes.

Vanquished Creatures
  A two-headed ogre (D:9)
  A black mamba (Lair:1)
  A komodo dragon (Lair:1)
  A troll (D:11)
  3 hornets
  Prince Ribbit (D:7)
  A shadow (D:9)
  3 wyverns
  2 wraiths (D:11)
  14 yaks
  4 basilisks
  3 steam dragons
  4 water moccasins
  An ice beast (D:4)
  4 orc warriors
  6 black bears
  A sky beast (D:7)
  An ogre (D:7)
  A wolf (D:8)
  A kobold brigand (D:7)
  4 lemures (D:8)
  A gnoll sergeant (D:10)
  7 bullfrogs
  A scorpion (D:5)
  2 necrophages
  2 water moccasin zombies (D:6)
  14 wights
  16 killer bees
  4 howler monkeys
  2 electric eels (Lair:1)
  A centaur zombie (D:6)
  7 hounds
  4 bullfrog zombies (D:6)
  Crazy Yiuf (D:3)
  A human zombie (D:6)
  6 orc priests
  A jelly (D:6)
  Jessica (D:3)
  4 iguanas
  13 orc wizards
  A killer bee zombie (D:6)
  A mummy (D:6)
  Robin (D:3)
  5 gnolls
  5 adders
  2 white imps
  2 worms
  2 dart slugs (D:3)
  31 orcs
  6 ball pythons
  8 endoplasms
  6 giant cockroaches
  21 goblins
  6 hobgoblins
  9 jackals
  14 kobolds
  3 quokkas
  3 bats
  4 rats
  2 bushes (Lair:1)
278 creatures vanquished.

Vanquished Creatures (collateral kills)
  Maggie (D:8)
  Grinder (D:3)
  4 wights (D:8)
  An iguana (D:8)
7 creatures vanquished.

Vanquished Creatures (others)
  3 bushes (D:8)
  6 fungi
  20 plants
29 creatures vanquished.

Grand Total: 314 creatures vanquished

Notes
Turn   | Place    | Note
-------+----------+-------------------------------------------
     0 | D:1      | testman the Deep Dwarf Necromancer began the quest for the
                  | Orb.
     0 | D:1      | Reached XP level 1. HP: 15/15 MP: 3/3
    17 | D:1      | Learned a level 1 spell: Animate Skeleton
   419 | D:1      | Reached XP level 2. HP: 22/22 MP: 1/5
  1333 | D:2      | Reached skill level 5 in Necromancy
  1339 | D:2      | Reached XP level 3. HP: 28/28 MP: 4/6
  1403 | D:2      | Found a faded altar of an unknown god.
  1899 | D:3      | Noticed Sigmund
  1913 | D:3      | Noticed Jessica
  1936 | D:2      | Reached skill level 1 in Slings
  1936 | D:2      | Reached XP level 4. HP: 33/36 MP: 5/8
  2199 | D:2      | Learned a level 3 spell: Vampiric Draining
  2410 | D:3      | Noticed Robin
  2516 | D:3      | Killed Robin
  2615 | D:3      | Reached XP level 5. HP: 27/42 MP: 1/9
  2622 | D:2      | Learned a level 4 spell: Animate Dead
  2896 | D:3      | Killed Jessica
  3048 | D:3      | Found a shimmering altar of Xom.
  3092 | D:3      | Reached skill level 1 in Fighting
  3420 | D:3      | Reached skill level 6 in Necromancy
  3512 | D:2      | Upgraded the game from 0.29-a0-266-gf56f883ddd to
                  | 0.29-a0-270-g1586fc07ea
  3521 | D:3      | Noticed Grinder
  3532 | D:3      | Paralysed by Grinder for 2 turns
  3533 | D:3      | Killed Grinder
  3534 | D:3      | Reached XP level 6. HP: 24/55 MP: 6/10
  3543 | D:3      | Found an ornate altar of the Wu Jian Council.
  3971 | D:3      | Found a runed translucent door.
  3972 | D:3      | Noticed Crazy Yiuf
  3978 | D:3      | Killed Crazy Yiuf
  4255 | D:4      | Reached skill level 7 in Necromancy
  4331 | D:4      | Noticed sirJeffrey23's ghost (amateur DsMo)
  4514 | D:4      | Noticed an ice beast
  4530 | D:4      | Killed an ice beast
  4531 | D:4      | Reached XP level 7. HP: 21/62 MP: 2/11
  4769 | D:4      | Noticed a wyvern
  5002 | D:4      | You fall into a shaft and drop 2 floors!
  5083 | D:6      | Found a staircase to the Ecumenical Temple.
  5092 | Temple   | Entered the Ecumenical Temple
  5366 | Temple   | Became a worshipper of Kikubaaqudgha
  5390 | D:5      | Entered Level 5 of the Dungeon
  5651 | D:5      | Found a radiant altar of Vehumet.
  5928 | D:4      | Found a transporter.
  5936 | D:4      | Killed a wyvern
  5937 | D:4      | Reached skill level 8 in Necromancy
  6017 | D:4      | Found a transporter.
  6194 | D:4      | Reached * piety under Kikubaaqudgha
  6194 | D:4      | Received a gift from Kikubaaqudgha
  6197 | D:4      | Reached XP level 8. HP: 73/73 MP: 8/12
  6207 | D:4      | Learned a level 2 spell: Corpse Rot
  6257 | D:4      | Found a shimmering blue altar of Sif Muna.
  6263 | D:4      | Reached skill level 5 in Fighting
  6797 | D:5      | Reached skill level 9 in Necromancy
  6887 | D:5      | Found a glowing golden altar of the Shining One.
  7767 | D:5      | Noticed a hornet
  7778 | D:5      | Killed a hornet
  8243 | D:6      | Reached skill level 10 in Necromancy
  8297 | D:6      | Gained mutation: You passively map the area around you.
                  | [Deep Dwarf growth]
  8297 | D:6      | Reached XP level 9. HP: 81/85 MP: 13/13
  8340 | D:6      | Found a burning altar of Makhleb.
  8557 | D:6      | Found a basalt altar of Yredelemnul.
  8880 | D:7      | Found a snail-covered altar of Cheibriados.
  8887 | D:7      | Reached ** piety under Kikubaaqudgha
  9237 | D:7      | Noticed Prince Ribbit
  9242 | D:7      | Killed Prince Ribbit
  9243 | D:7      | Reached skill level 11 in Necromancy
 10673 | D:8      | Reached XP level 10. HP: 59/98 MP: 4/14
 10776 | D:8      | Found a sparkling altar of Nemelex Xobeh.
 11236 | D:8      | Reached skill level 5 in Slings
 11310 | D:8      | Reached skill level 12 in Necromancy
 11944 | D:8      | Found a staircase to the Lair.
 12149 | D:8      | Noticed Maggie
 12157 | D:8      | Killed Maggie
 12286 | D:9      | Noticed a two-headed ogre
 12396 | D:9      | Killed a two-headed ogre
 12512 | D:9      | Learned a level 5 spell: Agony
 12732 | D:9      | Found an opulent altar of Gozag.
 12827 | D:9      | Found a hazy altar of Hepliaklqana.
 13050 | D:9      | Reached XP level 11. HP: 54/108 MP: 3/15
 13392 | D:9      | Reached *** piety under Kikubaaqudgha
 13392 | D:9      | Received a gift from Kikubaaqudgha
 13393 | D:9      | Reached skill level 13 in Necromancy
 13590 | D:9      | Found a glowing silver altar of Zin.
 13847 | D:10     | Entered Level 10 of the Dungeon
 14093 | D:10     | Found Ecun's Book Shop.
 14701 | D:10     | Found a blossoming altar of Fedhas.
 14721 | D:10     | Noticed an oklob plant
 14832 | D:10     | Identified the ring "Cycipif" {Fly rPois EV+4 Str+8 Int-3
                  | Slay-6}
 15795 | D:10     | Reached skill level 10 in Fighting
 15816 | D:10     | Reached skill level 1 in Shields
 16237 | Lair:1   | Entered Level 1 of the Lair of Beasts
 17964 | Lair:1   | Reached skill level 5 in Spellcasting
 18147 | Lair:2   | Found a staircase to the Swamp.
 18155 | Lair:2   | HP: 5/108 [vampire mosquito (8)]
 18157 | Lair:2   | HP: 1/108 [vampire mosquito (5)]
 18158 | Lair:2   | Slain by a vampire mosquito

Illustrated notes

Levels and vault maps discovered:
D:1:      ebering_trefoil_twist, layout_loops_corners
D:2:      layout_basic, shapermc_ecumenical_altar_totnotflames
D:3:      layout_basic, lemuel_doored_altar,
          mainiacjoe_overflow_six_doors_small, minmay_close_crescents,
          uniq_jessica, uniq_crazy_yiuf_cottage, uniq_sigmund, uniq_robin,
          uniq_grinder
D:4:      layout_loops_corners, nicolae_sif_muna_little_library,
          gammafunk_ghost_arena, minmay_crossroads
D:5:      layout_layer_cave, nicolae_tso_carved_into_rock, vehumet_crystals,
          minmay_misc_feat_doors
D:6:      layout_cave_pools, lemuel_mausoleum_altar_yredelemnul,
          mainiacjoe_overflow_boulevard, temple_fountains
D:7:      layout_basic, slow_altar_1, uniq_prince_ribbit1
D:8:      layout_loops_ring, nemelex_diamond_rough_becter,
          minmay_lair_entry_grove, sigmund_army, uniq_maggie, uniq_pikel
D:9:      layout_roguey, pdpol_temple_overflow_zin_treasury_gozag_greed,
          mainiacjoe_overflow_surrounded_room, kennysheep_generic_room_4
D:10:     layout_loops_ring, tgw_fedhas, serial_shops,
          nicolae_shop_hallway_stairs
D:11:     layout_irregular_city, uniq_harold
Temple:   compressed_dpeg_triangle_lava_temple
Lair:1:   statuecave_lemuel, layout_gridlike, wad_woods_06,
          chequers_serial_rivers_micro_a, lemuel_old_faithful
Lair:2:   layout_chaotic_city, minmay_swamp_entry_swarm, lemuel_fruit_tree,
          uniq_urug, uniq_fannar

Skill      XL: |  1  2  3  4  5  6  7  8  9 10 11 |
---------------+----------------------------------+-----
Spellcasting   | 2 3 5 |  5.5
Necromancy     | 5 6 7 8 10 11 12 13 | 13.1
Slings         | 1 2 4 7 |  7.5
Fighting       | 2 3 4 6 8 9 10 | 10.0
Shields        | 4 |  4.0
Dodging        | |  2.1
Stealth        | |  2.4

Action                   |  1- 3 |  4- 6 |  7- 9 | 10-12 || total
-------------------------+-------+-------+-------+-------++-------
Melee: Whip              |    25 |     6 |       |       ||    31
       Short sword       |       |     2 |       |       ||     2
       Spear             |       |    41 |   229 |   421 ||   691
       Punch             |       |     1 |     2 |     2 ||     5
 Fire: Hunting sling     |    20 |     6 |    46 |       ||    72
       Fustibalus        |       |       |    64 |    96 ||   160
 Cast: Pain              |    41 |    54 |       |     3 ||    98
       Animate Skeleton  |     1 |       |     1 |       ||     2
       Vampiric Draining |       |    33 |   101 |   133 ||   267
       Animate Dead      |       |     1 |     1 |     3 ||     5
       Corpse Rot        |       |       |       |     1 ||     1
Invok: Receive Corpses   |       |       |     1 |     1 ||     2
 Abil: Heal Wounds       |     1 |       |     1 |     3 ||     5
  Use: Scroll            |       |       |       |    14 ||    14
       Potion            |       |       |       |     3 ||     3
 Stab: Sleeping          |       |       |    16 |     4 ||    20
Armor: Robe              |    11 |    17 |    16 |    80 ||   124
       Steam dragon scal |       |       |    92 |     7 ||    99
Dodge: Dodged            |    61 |    53 |   157 |   238 ||   509
Block: Buckler           |       |       |       |    24 ||    24

Table legend: (Time is in decaauts)
 A = Elapsed time spent in this place.
 B = Non-inter-level travel time spent in this place.
 C = Inter-level travel time spent in this place.
 D = Time resting spent in this place.
 E = Time spent auto-exploring this place.
 F = Levels seen in this place.
 G = Mean time per level.
                   A        B        C        D        E       F      G
               +--------+--------+--------+--------+--------+-----+--------+
         Total |  18336 |  17694 |    642 |   6369 |   7997 |  14 | 1309.7 |
       Dungeon |  16089 |  15507 |    582 |   5823 |   6850 |  11 | 1462.6 |
        Temple |    292 |    264 |     28 |      0 |    256 |   1 |  292.0 |
          Lair |   1954 |   1922 |     32 |    546 |    891 |   2 |  977.0 |
               +--------+--------+--------+--------+--------+-----+--------+

Top non-repeatable levels by time:
    D:10: 1946 daAuts
     D:8: 1899 daAuts
  Lair:1: 1883 daAuts
     D:9: 1849 daAuts
     D:4: 1811 daAuts
     D:5: 1759 daAuts
     D:3: 1708 daAuts
     D:2: 1444 daAuts
     D:7: 1344 daAuts
     D:1: 1078 daAuts
     D:6: 1018 daAuts
  Temple: 292 daAuts
    D:11: 227 daAuts
  Lair:2: 71 daAuts
